| TOP OF THE 1ST |
|
Ogden Raptors batting - Pitching for Bristol Pirates : RHP Jon Taylor
|
|
Pitching: RHP Jon Taylor
|
|
|
Batting: SHB Alex Noval
|
0-0: Ball 1-0: Foul Ball, location: 2F 1-1: Foul Ball, location: 2F 1-2: Ball 2-2: Foul Ball, location: 2F 2-2: Ball 3-2: Base on Balls
|
|
Batting: SHB Erick Hamburger
|
0-0: Ball 1-0: 2-RUN HOME RUN (Flyball, 9D, EV 95.6 MPH), Distance : 377 ft
|
|
Batting: RHB Juan Gallegos
|
0-0: Swinging Strike 0-1: Ball 1-1: Ball 2-1: Ball 3-1: Called Strike 3-2: Base on Balls
|
|
Batting: LHB Pedro Garza
|
0-0: Foul Ball, location: 2F 0-1: Ball 1-1: Ball 2-1: Ball 3-1: Fly out, F8 (Line Drive, 8LM, EV 91.9 MPH)
|
|
Batting: RHB Felipe Rivera
|
0-0: Ball 1-0: Called Strike 1-1: Ball Wild Pitch! Juan Gallegos to second 2-1: Foul Ball, location: 2F 2-2: Ball 3-2: Foul Ball, location: 2F 3-2: Strikes out swinging
|
|
Batting: LHB Fernão Manta
|
0-0: Ball 1-0: Foul Ball, location: 2F 1-1: Ball 2-1: Foul Ball, location: 2F 2-2: Foul Ball, location: 2F 2-2: Ball Passed Ball! Juan Gallegos to third 3-2: SINGLE (Groundball, 6MD, EV 100.6 MPH) Juan Gallegos scores
|
|
Batting: RHB Adam Maczko
|
0-0: Ball 1-0: Foul Ball, location: 2F 1-1: Called Strike 1-2: Ball 2-2: Foul Ball, location: 2F 2-2: Fly out, F3 (Popup, 34, EV 65.6 MPH)
|
| Top of the 1st over - 3 runs, 2 hits, 0 errors, 1 left on base; Ogden 3 - Bristol 0 |
| BOTTOM OF THE 1ST |
|
Bristol Pirates batting - Pitching for Ogden Raptors : RHP Drew Manderfield
|
|
Pitching: RHP Drew Manderfield
|
|
|
Batting: LHB Sun-wei Kuai
|
0-0: Called Strike 0-1: Swinging Strike 0-2: Ball 1-2: Ball 2-2: Ball 3-2: Foul Ball, location: 2F 3-2: Base on Balls
|
|
Batting: RHB Oscar Mora
|
0-0: Ball Wild Pitch! Sun-wei Kuai to second 1-0: Ground out 4-3 (Groundball, 4, EV 91.9 MPH) Sun-wei Kuai to third
|
|
Batting: RHB Jon Solis
|
0-0: Ball 1-0: Foul Ball, location: 2F 1-1: Foul Ball, location: 2F 1-2: Ground out 5-3 (Groundball, 56, EV 98.8 MPH) Sun-wei Kuai scores
|
|
Batting: SHB Juan Ayala
|
0-0: Fly out, F9 (Line Drive, 9LS, EV 90.6 MPH)
|
| Bottom of the 1st over - 1 run, 0 hits, 0 errors, 0 left on base; Ogden 3 - Bristol 1 |
| TOP OF THE 2ND |
|
Ogden Raptors batting - Pitching for Bristol Pirates : RHP Jon Taylor
|
|
Batting: RHB Chad Rojas
|
0-0: Swinging Strike 0-1: Ball 1-1: Fly out, F4 (Line Drive, 4D, EV 66.9 MPH)
|
|
Batting: RHB Will Barksdale
|
0-0: Foul Ball, location: 2F 0-1: Ball 1-1: Ball 2-1: Foul Ball, location: 2F 2-2: Ball 3-2: Foul Ball, location: 2F 3-2: Base on Balls
|
|
Batting: SHB Alex Noval
|
0-0: Ball 1-0: Called Strike 1-1: Fielders Choice at 2nd, 1-6 (Groundball, 34S, EV 66.2 MPH)
|
|
Batting: SHB Erick Hamburger
|
0-0: Foul Ball, location: 2F 0-1: Ball 1-1: Called Strike 1-2: Strikes out swinging
|
| Top of the 2nd over - 0 runs, 0 hits, 0 errors, 1 left on base; Ogden 3 - Bristol 1 |
| BOTTOM OF THE 2ND |
|
Bristol Pirates batting - Pitching for Ogden Raptors : RHP Drew Manderfield
|
|
Batting: RHB Ilija Panic
|
0-0: Ball 1-0: Ball 2-0: Ball 3-0: Called Strike 3-1: Foul Ball, location: 2F 3-2: Base on Balls
|
|
Batting: LHB Damien Cohen
|
0-0: Ball 1-0: Ball 2-0: Foul Ball, location: 2F 2-1: Foul Ball, location: 2F 2-2: Ball 3-2: SINGLE (Line Drive, 89S, EV 100.6 MPH) Ilija Panic to second Runner from 2nd tries for 3rd, OUT! 9-5
|
|
Batting: RHB William Lindsey
|
0-0: Ball 1-0: Ball 2-0: Grounds into double play, 6-4-3 (Groundball, 6M, EV 78.1 MPH)
|
| Bottom of the 2nd over - 0 runs, 1 hit, 0 errors, 0 left on base; Ogden 3 - Bristol 1 |
| TOP OF THE 3RD |
|
Ogden Raptors batting - Pitching for Bristol Pirates : RHP Jon Taylor
|
|
Batting: RHB Juan Gallegos
|
0-0: Fly out, F8 (Flyball, 78XD, EV 91.9 MPH)
|
|
Batting: LHB Pedro Garza
|
0-0: Ball 1-0: Ball 2-0: Swinging Strike 2-1: Swinging Strike 2-2: Foul Ball, location: 2F 2-2: Ball 3-2: Base on Balls
|
|
Batting: RHB Felipe Rivera
|
0-0: Called Strike 0-1: Called Strike 0-2: Ball 1-2: Ball 2-2: Fly out, F8 (Line Drive, 8RM, EV 87.5 MPH)
|
|
Batting: LHB Fernão Manta
|
0-0: Ball 1-0: Ball 2-0: Fly out, F8 (Flyball, 8LXD, EV 83.1 MPH)
|
| Top of the 3rd over - 0 runs, 0 hits, 0 errors, 1 left on base; Ogden 3 - Bristol 1 |
| BOTTOM OF THE 3RD |
|
Bristol Pirates batting - Pitching for Ogden Raptors : RHP Drew Manderfield
|
|
Batting: RHB Brian Brewster
|
0-0: Ball 1-0: Fly out, F8 (Flyball, 8LD, EV 81.2 MPH)
|
|
Batting: RHB Zachery Loomis
|
0-0: Swinging Strike 0-1: Foul Ball, location: 2F 0-2: Foul Ball, location: 2F 0-2: Strikes out swinging
|
|
Batting: LHB Sun-wei Kuai
|
0-0: Foul Ball, location: 2F 0-1: Ball 1-1: Ground out 5-3 (Groundball, 56, EV 84.4 MPH)
|
| Bottom of the 3rd over - 0 runs, 0 hits, 0 errors, 0 left on base; Ogden 3 - Bristol 1 |
| TOP OF THE 4TH |
|
Ogden Raptors batting - Pitching for Bristol Pirates : RHP Jon Taylor
|
|
Batting: RHB Adam Maczko
|
0-0: Called Strike 0-1: Foul Ball, location: 2F 0-2: Foul Ball, location: 2F 0-2: Foul Ball, location: 2F 0-2: Ball 1-2: Ball 2-2: Ground out 5-3 (Groundball, 56S, EV 86.9 MPH)
|
|
Batting: RHB Chad Rojas
|
0-0: Ball 1-0: Called Strike 1-1: Ball 2-1: Ball 3-1: Called Strike 3-2: SINGLE (Line Drive, 8RS, EV 96.9 MPH)
|
|
Pitching: RHP Ray Maki
|
|
|
Batting: RHB Will Barksdale
|
0-0: Fielders Choice at 2nd, 5-4 (Groundball, 56, EV 105.6 MPH)
|
|
Batting: SHB Alex Noval
|
0-0: Foul Ball, location: 2F 0-1: Ball 1-1: Ball 2-1: Swinging Strike 2-2: Ground out U3 (Groundball, 3, EV 88.1 MPH)
|
| Top of the 4th over - 0 runs, 1 hit, 0 errors, 1 left on base; Ogden 3 - Bristol 1 |
| BOTTOM OF THE 4TH |
|
Bristol Pirates batting - Pitching for Ogden Raptors : RHP Drew Manderfield
|
|
Batting: RHB Oscar Mora
|
0-0: Called Strike 0-1: Ball 1-1: Ball 2-1: Foul Ball, location: 2F 2-2: Strikes out looking
|
|
Batting: RHB Jon Solis
|
0-0: Foul Ball, location: 2F 0-1: Swinging Strike 0-2: Strikes out swinging
|
|
Batting: SHB Juan Ayala
|
0-0: Ball 1-0: Foul Ball, location: 2F 1-1: Ball 2-1: Ball 3-1: Base on Balls
|
|
Batting: RHB Ilija Panic
|
0-0: Fly out, F7 (Flyball, 78S, EV 81.9 MPH)
|
| Bottom of the 4th over - 0 runs, 0 hits, 0 errors, 1 left on base; Ogden 3 - Bristol 1 |
| TOP OF THE 5TH |
|
Ogden Raptors batting - Pitching for Bristol Pirates : RHP Ray Maki
|
|
Batting: SHB Erick Hamburger
|
0-0: Ball 1-0: Foul Ball, location: 2F 1-1: Ball 2-1: Ball 3-1: Foul Ball, location: 2F 3-2: Base on Balls
|
|
Batting: RHB Juan Gallegos
|
0-0: Ball 1-0: Ball 2-0: Ball 3-0: Called Strike 3-1: Base on Balls Erick Hamburger to second
|
|
Batting: LHB Pedro Garza
|
0-0: Ball 1-0: Foul Ball, location: 2F 1-1: Ball 2-1: Swinging Strike 2-2: Strikes out swinging
|
|
Batting: RHB Felipe Rivera
|
0-0: Ball 1-0: Foul Ball, location: 2F 1-1: Ball 2-1: Ball 3-1: Base on Balls Erick Hamburger to third Juan Gallegos to second
|
|
Batting: LHB Fernão Manta
|
0-0: Called Strike 0-1: Fly out, F8 (Flyball, 78M, EV 84.4 MPH)
|
|
Batting: RHB Adam Maczko
|
0-0: Called Strike 0-1: Foul Ball, location: 2F 0-2: Ground out U3 (Groundball, 34, EV 83.1 MPH)
|
| Top of the 5th over - 0 runs, 0 hits, 0 errors, 3 left on base; Ogden 3 - Bristol 1 |
| BOTTOM OF THE 5TH |
|
Bristol Pirates batting - Pitching for Ogden Raptors : RHP Drew Manderfield
|
|
Batting: LHB Damien Cohen
|
0-0: Foul Ball, location: 2F 0-1: Ball 1-1: Called Strike 1-2: Ball 2-2: Foul Ball, location: 2F 2-2: Foul Ball, location: 2F 2-2: Ball 3-2: Base on Balls
|
|
Batting: RHB William Lindsey
|
0-0: Called Strike 0-1: Fly out, F3 (Popup, 34S, EV 87.5 MPH)
|
|
Batting: RHB Brian Brewster
|
0-0: Ball 1-0: Ball 2-0: SINGLE (Groundball, 4MD, EV 111.2 MPH) Damien Cohen to second
|
|
Batting: RHB Zachery Loomis
|
0-0: Ball 1-0: Grounds into double play, 6-4-3 (Groundball, 6, EV 106.9 MPH)
|
| Bottom of the 5th over - 0 runs, 1 hit, 0 errors, 1 left on base; Ogden 3 - Bristol 1 |
| TOP OF THE 6TH |
|
Ogden Raptors batting - Pitching for Bristol Pirates : RHP Ray Maki
|
|
Batting: RHB Chad Rojas
|
0-0: Ground out 6-3 (Groundball, 6, EV 107.5 MPH)
|
|
Batting: RHB Will Barksdale
|
0-0: Ball 1-0: Ground out 6-3 (Groundball, 6, EV 88.1 MPH)
|
|
Batting: SHB Alex Noval
|
0-0: Called Strike 0-1: Ground out 4-3 (Groundball, 4, EV 88.1 MPH)
|
| Top of the 6th over - 0 runs, 0 hits, 0 errors, 0 left on base; Ogden 3 - Bristol 1 |
| BOTTOM OF THE 6TH |
|
Bristol Pirates batting - Pitching for Ogden Raptors : RHP Drew Manderfield
|
|
Batting: LHB Sun-wei Kuai
|
0-0: Foul Ball, location: 2F 0-1: Ball 1-1: Ball 2-1: Foul Ball, location: 2F 2-2: Foul Ball, location: 2F 2-2: Ball 3-2: TRIPLE (Groundball, 3L, EV 108.8 MPH)
|
|
Batting: RHB Oscar Mora
|
0-0: SINGLE (Groundball, 25, EV 70.0 MPH) (infield hit)
|
|
Batting: RHB Jon Solis
|
0-0: Called Strike 0-1: Foul Ball, location: 2F 0-2: Ball 1-2: Strikes out swinging
|
|
Batting: SHB Juan Ayala
|
0-0: Ball 1-0: Ball Oscar Mora steals 2nd base 2-0: Called Strike 2-1: Foul Ball, location: 2F 2-2: Ball 3-2: 3-RUN HOME RUN (Flyball, 7D, EV 104.4 MPH), Distance : 385 ft
|
|
Pitching: LHP Brian Gardner
|
|
|
Batting: RHB Ilija Panic
|
0-0: Ball 1-0: Ball 2-0: Called Strike 2-1: Called Strike 2-2: Strikes out swinging
|
|
Batting: LHB Damien Cohen
|
0-0: Ball 1-0: Ball 2-0: Swinging Strike 2-1: Foul Ball, location: 2F 2-2: Ball 3-2: Foul Ball, location: 2F 3-2: Strikes out swinging
|
| Bottom of the 6th over - 3 runs, 3 hits, 0 errors, 0 left on base; Ogden 3 - Bristol 4 |
| TOP OF THE 7TH |
|
Ogden Raptors batting - Pitching for Bristol Pirates : RHP Ray Maki
|
|
Now at 1B: Sean Driscoll
|
|
|
Batting: SHB Erick Hamburger
|
0-0: Ball 1-0: Called Strike 1-1: Ball 2-1: Foul Ball, location: 2F 2-2: Foul Ball, location: 2F 2-2: Strikes out swinging
|
|
Pitching: RHP Dustin Hamblin
|
|
|
Batting: RHB Juan Gallegos
|
0-0: Ball 1-0: Ball 2-0: Ball 3-0: Swinging Strike 3-1: Swinging Strike 3-2: Fly out, F9 (Line Drive, 9, EV 105.0 MPH)
|
|
Batting: LHB Pedro Garza
|
0-0: Foul Ball, location: 2F 0-1: Foul Ball, location: 2F 0-2: Ball 1-2: Foul Ball, location: 2F 1-2: Ball 2-2: Strikes out swinging
|
| Top of the 7th over - 0 runs, 0 hits, 0 errors, 0 left on base; Ogden 3 - Bristol 4 |
| BOTTOM OF THE 7TH |
|
Bristol Pirates batting - Pitching for Ogden Raptors : LHP Brian Gardner
|
|
Batting: RHB William Lindsey
|
0-0: Foul Ball, location: 2F 0-1: Ball 1-1: Ball 2-1: Foul Ball, location: 2F 2-2: Ball 3-2: Foul Ball, location: 2F 3-2: Foul Ball, location: 2F 3-2: Foul Ball, location: 2F 3-2: Base on Balls
|
|
Batting: RHB Brian Brewster
|
0-0: Foul Ball, location: 2F 0-1: Ball 1-1: Ball 2-1: Called Strike 2-2: Fly out, F9 (Line Drive, 89M, EV 95.6 MPH)
|
|
Batting: RHB Zachery Loomis
|
0-0: Ball 1-0: Ball 2-0: Ball 3-0: Called Strike 3-1: Called Strike 3-2: Base on Balls William Lindsey to second
|
|
Batting: LHB Sun-wei Kuai
|
0-0: Foul Ball, location: 2F 0-1: Ball 1-1: Ball 2-1: Called Strike 2-2: Ball 3-2: Foul Ball, location: 2F 3-2: Reached on error, E4 (Groundball, 34, EV 86.9 MPH) William Lindsey to third Zachery Loomis to second
|
|
Batting: RHB Oscar Mora
|
0-0: Ball 1-0: Swinging Strike 1-1: Ball 2-1: Called Strike 2-2: Foul Ball, location: 2F 2-2: Ball 3-2: Strikes out swinging
|
|
Pitching: RHP Bill Dyck
|
|
|
Batting: RHB Jon Solis
|
0-0: Ball 1-0: Foul Ball, location: 2F 1-1: Ball 2-1: Foul Ball, location: 2F 2-2: Fly out, F3 (Popup, 3SF, EV 70.0 MPH)
|
| Bottom of the 7th over - 0 runs, 0 hits, 1 error, 3 left on base; Ogden 3 - Bristol 4 |
| TOP OF THE 8TH |
|
Ogden Raptors batting - Pitching for Bristol Pirates : RHP Dustin Hamblin
|
|
Batting: RHB Felipe Rivera
|
0-0: Ball 1-0: Called Strike 1-1: Called Strike 1-2: Ball 2-2: Ball 3-2: Base on Balls
|
|
Batting: LHB Fernão Manta
|
0-0: Ball 1-0: Reaches on Catchers interference Felipe Rivera to second
|
|
Batting: RHB Adam Maczko
|
0-0: Bunt missed! 0-1: Ball 1-1: Sac Bunt to 15S - play at first, batter OUT! 1-4 Felipe Rivera to third Fernão Manta to second
|
|
Pinch Hitting: SHB Jesus Gomez
|
0-0: Ball 1-0: Foul Ball, location: 2F 1-1: Foul Ball, location: 2F 1-2: Strikes out swinging
|
|
Pinch Hitting: RHB David Watkins
|
0-0: Called Strike 0-1: Called Strike 0-2: Foul Ball, location: 2F 0-2: Ball 1-2: Foul Ball, location: 2F 1-2: Fly out, F9 (Line Drive, 9LM, EV 90.0 MPH)
|
| Top of the 8th over - 0 runs, 0 hits, 1 error, 2 left on base; Ogden 3 - Bristol 4 |
| BOTTOM OF THE 8TH |
|
Bristol Pirates batting - Pitching for Ogden Raptors : RHP Bill Dyck
|
|
Now at C: John Hanson
|
|
|
Now at SS: Jesus Gomez
|
|
|
Batting: SHB Juan Ayala
|
0-0: Called Strike 0-1: Ball 1-1: Foul Ball, location: 2F 1-2: Ball 2-2: Strikes out swinging
|
|
Batting: RHB Ilija Panic
|
0-0: Ball 1-0: Called Strike 1-1: Ball 2-1: Ground out 6-3 (Groundball, 6M, EV 91.2 MPH)
|
|
Batting: LHB Sean Driscoll
|
0-0: Foul Ball, location: 2F 0-1: Ground out U3 (Groundball, 3, EV 82.5 MPH)
|
| Bottom of the 8th over - 0 runs, 0 hits, 0 errors, 0 left on base; Ogden 3 - Bristol 4 |
| TOP OF THE 9TH |
|
Ogden Raptors batting - Pitching for Bristol Pirates : RHP Dustin Hamblin
|
|
Pitching: RHP Otok Barleyfoot
|
|
|
Batting: SHB Alex Noval
|
0-0: Called Strike 0-1: Foul Ball, location: 2F 0-2: Ball 1-2: Strikes out looking
|
|
Batting: SHB Erick Hamburger
|
0-0: Swinging Strike 0-1: Swinging Strike 0-2: Ball 1-2: Ball 2-2: Strikes out looking
|
|
Batting: RHB Juan Gallegos
|
0-0: Foul Ball, location: 2F 0-1: SOLO HOME RUN (Flyball, 89XD, EV 106.2 MPH), Distance : 385 ft
|
|
Batting: LHB Pedro Garza
|
0-0: Foul Ball, location: 2F 0-1: Ball 1-1: Swinging Strike 1-2: Ball 2-2: Strikes out looking
|
| Top of the 9th over - 1 run, 1 hit, 0 errors, 0 left on base; Ogden 4 - Bristol 4 |
| BOTTOM OF THE 9TH |
|
Bristol Pirates batting - Pitching for Ogden Raptors : RHP Bill Dyck
|
|
Pitching: RHP Austin Miller
|
|
|
Pinch Hitting: RHB Oscar Munoz
|
0-0: Swinging Strike 0-1: Foul Ball, location: 2F 0-2: Strikes out swinging
|
|
Batting: RHB Brian Brewster
|
0-0: Swinging Strike 0-1: Ball 1-1: SINGLE (Line Drive, 89S, EV 105.6 MPH)
|
|
Batting: RHB Zachery Loomis
|
0-0: Called Strike Brian Brewster steals 2nd base 0-1: Ground out 4-3 (Groundball, 4, EV 108.1 MPH) Brian Brewster to third
|
|
Batting: LHB Sun-wei Kuai
|
0-0: Intentional Walk
|
|
Batting: RHB Oscar Mora
|
0-0: Called Strike 0-1: Called Strike 0-2: Ball 1-2: Ball 2-2: Foul Ball, location: 2F 2-2: Ground out 5-3 (Groundball, 56S, EV 86.2 MPH)
|
| Bottom of the 9th over - 0 runs, 1 hit, 0 errors, 2 left on base; Ogden 4 - Bristol 4 |
| TOP OF THE 10TH |
|
Ogden Raptors batting - Pitching for Bristol Pirates : RHP Otok Barleyfoot
|
|
Now at C: Oscar Munoz
|
|
|
Batting: RHB Felipe Rivera
|
0-0: Ball 1-0: Fly out, F8 (Flyball, 78S, EV 96.9 MPH)
|
|
Batting: LHB Fernão Manta
|
0-0: Fly out, F9 (Flyball, 89S, EV 80.0 MPH)
|
|
Batting: RHB Adam Maczko
|
0-0: Foul Ball, location: 2F 0-1: Ball 1-1: Swinging Strike 1-2: Ground out 5-3 (Groundball, 56S, EV 89.4 MPH)
|
| Top of the 10th over - 0 runs, 0 hits, 0 errors, 0 left on base; Ogden 4 - Bristol 4 |
| BOTTOM OF THE 10TH |
|
Bristol Pirates batting - Pitching for Ogden Raptors : RHP Austin Miller
|
|
Batting: RHB Jon Solis
|
0-0: Ground out 4-3 (Groundball, 34D, EV 86.2 MPH)
|
|
Batting: SHB Juan Ayala
|
0-0: Called Strike 0-1: Ball 1-1: Ball 2-1: Ball 3-1: Swinging Strike 3-2: Base on Balls
|
|
Batting: RHB Ilija Panic
|
0-0: Called Strike 0-1: Foul Ball, location: 2F 0-2: Ball 1-2: DOUBLE (Line Drive, 3D, EV 101.2 MPH) Juan Ayala to third
|
|
Batting: LHB Sean Driscoll
|
0-0: Ball 1-0: Foul Ball, location: 2F 1-1: Swinging Strike 1-2: Ball 2-2: SINGLE (Groundball, 4MD, EV 103.8 MPH) Juan Ayala scores
|
| Bottom of the 10th over - 1 run, 2 hits, 0 errors, 2 left on base; Ogden 4 - Bristol 5 |
|